AoeStats
← 短路

Arabia

508318536Analyzed
1v1 RM · 10d ago on Sep 21, 2026· 55m 56s· 2 players
Game mode
Random Map
Map size
Tiny (2 player)
Population
200
Speed
Normal
Resources
Standard
Victory
Conquest
Starting age
Dark Age
Ending age
Imperial Age
RankedLock teamsTeams togetherTeam positionsShared explorationLock speedFull tech treeHidden civsTurbo modeCheats
Victory
Defeat
🇨🇳 Slavs · China
1942
+13
🇦🇷 Japanese · Argentina
1868
-13
NachoMontes
6:01 Loom
9:18 Feudal Age
9:52 Double-Bit Axe
9:52 Man-at-Arms
20:32 Castle Age
19:00 Horse Collar
19:12 Gold Mining
20:07 Scale Barding Armor
21:55 Forging
23:18 Husbandry
25:33 Bow Saw
27:19 Fletching
28:16 Bloodlines
28:36 Sanctity
29:31 Bodkin Arrow
36:08 Imperial Age
34:39 Wheelbarrow
34:06 Town Watch
35:04 Ballistics
35:17 Thumb Ring
35:28 Padded Archer Armor
36:05 Masonry
37:18 Parthian Tactics
36:57 Bracer
39:43 Guard Tower
41:36 Chemistry
41:18 Heavy Plow
43:33 Squires
44:43 Keep
44:50 Padded Archer Armor
45:19 Murder Holes
44:51 Pikeman
46:42 Hand Cart
47:17 Heavy Cavalry Archer
48:35 Scale Mail Armor
48:31 Halberdier
50:10 Capped Ram
短路
7:01 Loom
9:23 Feudal Age
10:19 Double-Bit Axe
11:32 Fletching
20:23 Castle Age
18:24 Horse Collar
19:18 Padded Archer Armor
19:48 Bloodlines
20:36 Scale Barding Armor
20:22 Gold Mining
21:12 Scale Barding Armor
28:25 Wheelbarrow
29:21 Stone Mining
30:27 Elite Skirmisher
34:19 Imperial Age
32:28 Bodkin Arrow
34:45 Leather Archer Armor
35:28 Chain Barding Armor
35:28 Light Cavalry
37:13 Plate Barding Armor
38:09 Chemistry
38:25 Forging
38:44 Hand Cart
39:54 Ballistics
42:00 Ring Archer Armor
42:55 Detinets
44:26 Iron Casting
43:12 Hussar
44:26 Siege Engineers
46:42 Blast Furnace
47:04 Heavy Plow
47:54 Conscription
48:35 Crop Rotation
47:37 Capped Ram
48:54 Town Watch
50:17 Scale Mail Armor
49:42 Elite Boyar
51:05 Gold Shaft Mining
50:29 Man-at-Arms
51:09 Squires
51:20 Pikeman
52:46 Murder Holes
53:08 Siege Ram
Connection lost

Rejoining the realm…

Still unreachable

The connection could not be restored.

Session expired

The server has moved on; the page needs a fresh start.